 Dungeon Crawl Stone Soup version bcrawl-1.18.1 (webtiles) character file.

Game seed: 17590874796711373387

95086 Freyura the Bludgeoner (level 15, 0/136 HPs)
             Began as a Minotaur Fighter on Nov 10, 2019.
             Was a High Priest of the Shining One.
             Slain by a demonic crawler (4 damage)
             ... on level 1 of the Spider Nest.
             The game lasted 01:23:00 (20616 turns).

Freyura the Bludgeoner (Minotaur Fighter)          Turns: 20616, Time: 01:23:01

Health: 0/136      AC: 22    Str: 30    XL:     15   Next: 65%
Magic:  14/21      EV: 25    Int:  9    God:    the Shining One [*****.]
Gold:   2248       SH: 37    Dex: 20    Spells: 14/14 levels left

rFire    . . .     SeeInvis .   J - +9 mace "Upigus" {crush, *Noise rPois Stlth+}
rCold    + + .     Gourm    .   I - +0 large shield
rNeg     + + .     Faith    .   w - +0 ice dragon scales
rPois    +         Spirit   .   (helmet restricted)
rElec    .         Reflect  +   t - +2 cloak
rCorr    .         Harm     .   N - +0 pair of gloves {archery}
MR       +....                  i - +1 pair of boots "Nepeabi" {rF+ Int+4}
Stlth    +.........             Q - +2 amulet of reflection
HPRegen  0.32/turn              F - +6 ring of strength
MPRegen  0.17/turn              v - +3 ring of evasion

@: agile, divine shield, corroded, glowing
A: retaliatory headbutt, horns 2, iridescent scales 1, large bone plates 1,
slimy green scales 1, blurry vision 1, screaming 1, strong 1
a: Divine Shield, Cleansing Flame, Summon Divine Warrior, Renounce Religion


You were on level 1 of the Spider Nest.
You worshipped the Shining One.
The Shining One was extremely pleased with you.
You were not hungry.

You visited 6 branches of the dungeon, and saw 22 of its levels.
You also visited: Volcano.

You collected 2865 gold pieces.
You spent 617 gold pieces at shops.

Inventory:

Hand Weapons
 b - a +2 great mace of flaming
 d - a +2 flail of crushing
 D - a +4 dire flail of freezing
 J - the +9 mace "Upigus" (weapon) {crush, *Noise rPois Stlth+}
   (You found it on level 3 of the Lair of Beasts)

   It inflicts extra damage upon your enemies.
   It protects you from poison.
   It may make noises in combat.
   It makes you more stealthy.
Armour
 c - a +1 shield
 i - the +1 pair of boots "Nepeabi" (worn) {rF+ Int+4}
   (You bought it in a shop on level 5 of the Dungeon)

   It affects your intelligence (+4).
   It protects you from fire.
 p - the +1 chain mail of the Constellations {rC+ rCorr Dex-4 Slay+3}
   (You bought it in a shop on level 5 of the Dungeon)

   It affects your dexterity (-4).
   It affects your accuracy and damage with ranged weapons and melee attacks
   (+3).
   It protects you from cold.
   It provides partial protection from all sources of acid and corrosion.
 t - a +2 cloak (worn)
 w - +0 ice dragon scales (worn)
 I - a +0 large shield (worn)
 N - a +0 pair of gloves of archery (worn)
 P - a +2 plate armour of fire resistance
 V - a scarf of stasis
Jewellery
 h - an uncursed ring of protection from fire
 m - an uncursed amulet of guardian spirit
 v - a +3 ring of evasion (right hand)
 F - a +6 ring of strength (left hand)
 M - an uncursed ring of insulation
 Q - a +2 amulet of reflection (around neck)
 T - a +5 ring of intelligence
 Y - the ring of Equilibrium {+Inv rC+ MP+9 Int+6}
   (You acquired it on level 6 of the Lair of Beasts)

   [ring of magical power]

   It affects your intelligence (+6).
   It protects you from cold.
   It affects your magic capacity (+9).
   It lets you turn invisible.
Wands
 a - a wand of flame (23)
 e - a wand of polymorph (26)
 g - a wand of acid (8)
 l - a wand of iceblast (13)
 C - a wand of scattershot (7)
 E - a wand of digging (13)
Scrolls
 j - 2 scrolls of fear
 n - 7 scrolls of fog
 q - a scroll of identify
 s - 4 scrolls of teleportation
 A - 5 scrolls of blinking
 G - a scroll of remove curse
 K - a scroll of vulnerability
 R - a scroll of silence
 U - 2 scrolls of amnesia
Potions
 k - 6 potions of brilliance
 r - 2 potions of ambrosia
 u - 5 potions of curing
 x - 2 potions of agility
 z - 3 potions of berserk rage
 B - 3 potions of lignification
 H - 2 potions of mutation
 L - a potion of might
 O - 2 potions of resistance
 S - a potion of flight
 X - a potion of cancellation
Miscellaneous
 y - a lightning rod (4/4)
Comestibles
 f - 29 rations {!d}


   Skills:
 + Level 13.3 Fighting
 - Level 16.8 Maces & Flails
 + Level 13.3 Armour
 + Level 11.9 Dodging
 + Level 13.4 Shields
 + Level 9.6 Invocations
 + Level 4.4 Evocations


You had 14 spell levels left.
You didn't know any spells.
Your spell library contained the following spells:

 Spells                   Type           Power        Failure   Level  Hunger
 Apportation              Tloc           #.....       98%         1    ##.....
 Beastly Appendage        Tmut           #.....       98%         1    ##.....
 Infusion                 Chrm           #.......     98%         1    ##.....
 Magic Dart               Conj           #...         98%         1    ##.....
 Sandblast                Erth           #.....       98%         1    ##.....
 Slow                     Hex            #.......     98%         1    ##.....
 Summon Butterflies       Summ           #.......     98%         1    ##.....
 Summon Small Mammal      Summ           #...         98%         1    ##.....
 Call Imp                 Summ           #.....       99%         2    ###....
 Searing Ray              Conj           #.....       99%         2    ###....
 Sticks to Snakes         Tmut           #.......     99%         2    ###....
 Beckoning                Tloc           #.........   100%        3    ####...
 Call Canine Familiar     Summ           #.......     100%        3    ####...
 Confuse                  Hex            #.......     100%        3    ####...
 Dazzling Spray           Conj/Hex       #.....       100%        3    ####...
 Iskenderun's Mystic Bla  Conj           #.......     100%        3    ####...
 Spider Form              Tmut/Pois      #..          100%        3    ####...
 Tukima's Dance           Hex            #.......     100%        3    ####...
 Fulminant Prism          Conj/Hex       #.........   100%        4    #####..
 Ice Form                 Ice/Tmut       #.......     100%        4    #####..
 Petrify                  Tmut/Erth      #.......     100%        4    #####..
 Summon Ice Beast         Ice/Summ       #.......     100%        4    #####..
 Yara's Violent Unravell  Hex/Tmut       #.........   100%        4    #####..
 Blade Hands              Tmut           #.........   100%        5    ######.
 Irradiate                Conj/Tmut      #.........   100%        5    ######.
 Metabolic Englaciation   Hex/Ice        #.........   100%        5    ######.
 Summon Lightning Spire   Summ/Air       #.......     100%        5    ######.
 Invisibility             Hex            #.......     100%        6    #######
 Mana Rupture             Conj/Hex       #.........   100%        7    #######


Dungeon Overview and Level Annotations

Branches:
Dungeon (12/12)            Temple (1/1) D:7            Lair (6/6) D:9
  Swamp (0/3) Lair:3       Spider (1/3) Lair:4        Slime (0/5) Lair:6
    Orc (1/1) D:8             Elf (1/3) Orc          Vaults (0/3) D:11
 Depths (0/5) D:12

Altars:
Ashenzari
Cheibriados
Dithmenos
Fedhas
Gozag
Hepliaklqana
Lugonu
Ru
Trog
Wu Jian
Xom
The Shining One
Jiyva

Shops:
D:5 [([   D:6 (   Orc ?=*[


Innate Abilities, Weirdness & Mutations

You reflexively headbutt those who attack you in melee.
You have a pair of horns on your head.
You are partially covered in iridescent scales. (AC +2)
You are partially covered in large bone plates. (SH +4)
You are partially covered in slimy green scales. (AC +2)
Scrolls take you a little longer to read.
You occasionally shout uncontrollably at your foes.
Your muscles are strong. (Str +2)


Message History

The demonic crawler hits you but does no damage.
You block the demonic crawler's attack. x2; You block the tarantella's attack.
The redback completely misses you.
You hit the redback.
You kill the redback!
The tarantella bites you but does no damage.
You block the demonic crawler's attack. x3
You bludgeon the jumping spider!!
The jumping spider is severely wounded.
You block the tarantella's attack.
You block the jumping spider's attack. x2
The demonic crawler hits you but does no damage.
The demonic crawler misses you.
The demonic crawler completely misses you.
You block the tarantella's attack. The jumping spider barely misses you.
You furiously retaliate!
You headbutt the jumping spider. The jumping spider misses you.
You barely miss the jumping spider. You headbutt the jumping spider.
The jumping spider is almost dead.
You block the demonic crawler's attack. x2; The demonic crawler hits you.
You die...

..... .....
.... #....#
#s..##.....##
#..$.........
#............
##.....^.....
####...s#s....#
.......s@#
.......<##
#......##
....### ... ..


You could see a demonic crawler, an orb spider (fleeing), a jumping spider and a
tarantella.

Vanquished Creatures
  An emperor scorpion (Spider:1)
  An entropy weaver (Spider:1)
  The ghost of petermcneter the Blocker, a journeyman DDFi of Elyvilon (Lair:4)
  4 dire elephants (Lair:6)
  A red draconian (Volcano)
  Josephine (D:10)
  A fire dragon (D:12)
  A rakshasa (D:11)
  An ice dragon (D:12)
  An anaconda (Lair:6)
  A vault guard (D:11)
  A death knight (D:11)
  2 hydras
  Erica (Lair:1)
  4 centaur warriors
  3 catoblepae
  Psyche (D:11)
  A dancing weapon (Lair:4)
  6 two-headed ogres
  10 death yaks
  2 ogre magi
  A deep elf knight (Elf:1)
  A salamander mystic (Volcano)
  A fire crab (D:10)
  3 unseen horrors
  2 cyclopes
  A phantasmal warrior (D:11)
  8 deep elf magi
  An orc knight (D:12)
  2 ugly things
  2 wolf spiders
  The ghost of Quickbrownfox the Chopper, a novice OpFi (D:5)
  A manticore (D:11)
  9 elephants (Lair:6)
  4 salamanders (Volcano)
  The ghost of Banto the Insei, a novice OpTm of Cheibriados (D:5)
  3 centaur zombies
  2 black mambas
  2 gargoyles
  2 torpor snails
  8 centaur skeletons
  11 cane toads
  The ghost of pheathergobbo575 the Conjurer, a novice BaCj (D:5)
  3 rime drakes
  A freezing wraith (D:11)
  6 komodo dragons
  A demonic crawler (Lair:4)
  A tengu conjurer (D:12)
  2 polar bears (Lair:6)
  3 meliai (D:12)
  2 trolls
  A hornet (D:11)
  13 blink frogs
  Prince Ribbit (D:6)
  6 slime creatures
  A meliai zombie (D:12)
  7 dream sheep
  16 hippogriffs
  2 bog bodies (Lair:3)
  8 redbacks (Spider:1)
  Sigmund (D:6)
  2 tarantellas (Spider:1)
  50 yaks
  8 wraiths
  A wyvern (D:8)
  A basilisk (Lair:6)
  Eustachio (D:6)
  2 hungry ghosts
  Edmund (D:5)
  2 wargs
  3 acid dragons
  13 water moccasins
  3 soldier ants (D:11)
  Duvessa (D:6)
  6 porcupines
  3 sky beasts
  A black bear (Lair:2)
  2 ice beasts
  23 orc warriors
  2 phantoms (D:9)
  2 eyes of draining
  14 ogres
  8 wolves
  17 centaurs
  7 bullfrogs
  10 crocodiles
  3 big kobolds
  Blork the orc (D:6)
  Dowan (D:6)
  A hornet simulacrum (D:6)
  5 scorpions
  7 killer bees
  6 wights
  3 howler monkeys
  7 crimson imps
  A bullfrog zombie (D:6)
  9 jellies
  Crazy Yiuf (D:6)
  A bullfrog skeleton (D:7)
  7 orc priests
  2 gnoll shamans
  6 hounds
  Jessica (D:3)
  3 iguanas
  11 orc wizards
  17 worker ants
  A killer bee zombie (D:5)
  A hound zombie (D:6)
  2 hound skeletons
  A howler monkey zombie (D:6)
  13 gnolls
  16 adders
  A shadow imp (D:5)
  15 oozes
  2 adder zombies
  An adder skeleton (D:9)
  10 worms
  A dart slug (D:5)
  2 leopard geckos
  55 orcs
  2 giant cockroaches
  A goblin (D:2)
  6 hobgoblins
  12 jackals
  18 kobolds
  6 quokkas
  A ball python (D:5)
  2 bats (D:1)
  A frilled lizard (D:1)
  A jackal zombie (D:6)
  6 rats
  A butterfly (Lair:1)
  3 plants (Lair:6)
  A toadstool (D:1)
645 creatures vanquished.

Vanquished Creatures (collateral kills)
  An orc knight (Orc)
  2 orc warriors (Orc)
  An orc wizard (Orc)
4 creatures vanquished.

Vanquished Creatures (others)
  An orc knight (Orc)
  A warg (Orc)
  6 orc warriors (Orc)
  4 centaurs (Orc)
  A shadow imp (D:5)
  10 orcs (Orc)
  8 fungi
  8 plants
  2 toadstools (D:1)
  4 withered plants (D:5)
45 creatures vanquished.

Grand Total: 694 creatures vanquished

Notes
Turn   | Place    | Note
-------+----------+-------------------------------------------
     0 | D:1      | Freyura the Minotaur Fighter began the quest for the Orb.
     0 | D:1      | Reached XP level 1. HP: 19/19 MP: 0/0
   602 | D:1      | Reached XP level 2. HP: 27/27 MP: 1/1
  1119 | D:2      | Reached skill level 3 in Maces & Flails
  1143 | D:2      | Reached XP level 3. HP: 27/33 MP: 2/2
  1190 | D:2      | Reached skill level 1 in Dodging
  1776 | D:3      | Reached XP level 4. HP: 34/40 MP: 3/3
  1897 | D:3      | Found a faded altar of an unknown god.
  2296 | D:3      | Noticed Jessica
  2297 | D:3      | Reached skill level 4 in Maces & Flails
  2301 | D:3      | Killed Jessica
  2301 | D:3      | Reached XP level 5. HP: 47/47 MP: 4/4
  2607 | D:4      | Noticed a sky beast
  2616 | D:4      | Killed a sky beast
  2616 | D:4      | Reached skill level 5 in Maces & Flails
  2616 | D:4      | Reached XP level 6. HP: 24/53 MP: 1/5
  2929 | D:4      | Reached skill level 5 in Armour
  2939 | D:4      | Reached skill level 5 in Fighting
  2939 | D:4      | Reached skill level 5 in Shields
  3054 | D:4      | Reached XP level 7. HP: 61/61 MP: 6/6
  3384 | D:5      | Entered Level 5 of the Dungeon
  3386 | D:5      | Found Baazuoc's Antique Armour Boutique.
  3394 | D:5      | Bought a pair of twisted boots for 304 gold pieces
  3399 | D:5      | Identified the +1 pair of boots "Nepeabi" {rF+ Int+4} (You
                  | bought it in a shop on level 5 of the Dungeon)
  3439 | D:5      | Found a runed translucent gate.
  3439 | D:5      | Found a runed translucent gate.
  3439 | D:5      | Found a runed translucent gate.
  3447 | D:5      | Found Remm's Antique Weapon Shoppe.
  3485 | D:5      | Reached skill level 6 in Maces & Flails
  3941 | D:5      | Noticed Edmund
  3950 | D:5      | Killed Edmund
  3950 | D:5      | Reached skill level 7 in Maces & Flails
  3950 | D:5      | Reached XP level 8. HP: 66/70 MP: 7/7
  4010 | D:5      | Found Topaono's Antique Armour Emporium.
  4644 | D:5      | Noticed pheathergobbo575's ghost (novice BaCj)
  4644 | D:5      | Noticed Banto's ghost (novice OpTm)
  4644 | D:5      | Noticed Quickbrownfox's ghost (novice OpFi)
  5895 | D:6      | Noticed Sigmund
  5903 | D:6      | Killed Sigmund
  5966 | D:6      | Reached skill level 8 in Maces & Flails
  5992 | D:6      | Noticed Eustachio
  6004 | D:6      | Killed Eustachio
  6042 | D:6      | Noticed Blork the orc
  6052 | D:6      | Killed Blork the orc
  6234 | D:6      | Noticed Prince Ribbit
  6249 | D:6      | Gained mutation: Your body sometimes deteriorates upon
                  | taking damage. [potion of mutation]
  6249 | D:6      | Gained mutation: Your spells are a little easier to cast,
                  | but a little less powerful. [potion of mutation]
  6249 | D:6      | Gained mutation: You evolve. [potion of mutation]
  6253 | D:6      | Lost mutation: Your body sometimes deteriorates upon taking
                  | damage. [potion of mutation]
  6253 | D:6      | Lost mutation: Your spells are a little easier to cast, but
                  | a little less powerful. [potion of mutation]
  6253 | D:6      | Gained mutation: Your muscles are strong. (Str +2) [potion
                  | of mutation]
  6253 | D:6      | Gained mutation: You occasionally shout uncontrollably at
                  | your foes. [potion of mutation]
  6253 | D:6      | Gained mutation: You expend magic power (3 MP) to
                  | strengthen your wands. [potion of mutation]
  6254 | D:6      | Lost mutation: You occasionally shout uncontrollably at
                  | your foes. [potion of mutation]
  6254 | D:6      | Lost mutation: You expend magic power (3 MP) to strengthen
                  | your wands. [potion of mutation]
  6254 | D:6      | Gained mutation: You are partially covered in large bone
                  | plates. (SH +4) [potion of mutation]
  6254 | D:6      | Gained mutation: Scrolls take you a little longer to read.
                  | [potion of mutation]
  6254 | D:6      | Gained mutation: You are partially covered in slimy green
                  | scales. (AC +2) [potion of mutation]
  6254 | D:6      | Gained mutation: You are partially covered in iridescent
                  | scales. (AC +2) [potion of mutation]
  6264 | D:6      | Killed Prince Ribbit
  6264 | D:6      | Reached skill level 5 in Dodging
  6264 | D:6      | Reached XP level 9. HP: 46/78 MP: 3/8
  6401 | D:6      | Noticed a two-headed ogre
  6412 | D:6      | Killed a two-headed ogre
  6412 | D:6      | Reached skill level 9 in Maces & Flails
  6576 | D:6      | Found Moup's Antique Weapon Shoppe.
  6710 | D:6      | Noticed Duvessa
  6719 | D:6      | Noticed Dowan
  6724 | D:6      | Killed Duvessa
  6732 | D:6      | Killed Dowan
  7012 | D:6      | Reached skill level 10 in Maces & Flails
  7097 | D:6      | Found a runed door.
  7437 | D:6      | Gained mutation: You occasionally shout uncontrollably at
                  | your foes. [evolution]
  7437 | D:6      | Lost mutation: You evolve. [end of evolution]
  7487 | D:6      | Noticed Crazy Yiuf
  7495 | D:6      | Killed Crazy Yiuf
  7686 | D:7      | Found a staircase to the Ecumenical Temple.
  7695 | Temple   | Entered the Ecumenical Temple
  7702 | Temple   | Became a worshipper of the Shining One
  7745 | D:7      | Reached XP level 10. HP: 77/88 MP: 7/9
  8366 | D:5      | Killed Quickbrownfox's ghost
  8366 | D:5      | Reached skill level 1 in Invocations
  8380 | D:5      | Killed Banto's ghost
  8390 | D:5      | Killed pheathergobbo575's ghost
  8535 | D:5      | Bought a dazzling chain mail for 313 gold pieces
  8545 | D:5      | Identified the +1 chain mail of the Constellations {rC+
                  | rCorr Dex-4 Slay+3} (You bought it in a shop on level 5 of
                  | the Dungeon)
  8604 | D:8      | Reached skill level 11 in Maces & Flails
  8906 | D:8      | Found a staircase to the Orcish Mines.
  9054 | D:8      | Found an opulent altar of Gozag.
  9086 | D:8      | Reached * piety under the Shining One
  9216 | D:8      | Found an ornate altar of the Wu Jian Council.
  9216 | D:8      | Noticed a cyan ugly thing
  9232 | D:8      | Killed a cyan ugly thing
  9237 | D:8      | Reached XP level 11. HP: 82/95 MP: 10/12
  9516 | D:9      | Noticed a five-headed hydra
  9517 | D:9      | Noticed a wolf spider
  9525 | D:9      | Killed a wolf spider
  9532 | D:9      | Killed a five-headed hydra
  9549 | D:9      | Reached skill level 12 in Maces & Flails
  9576 | D:9      | Noticed an unseen horror
  9599 | D:9      | Killed an unseen horror
  9750 | D:9      | Reached ** piety under the Shining One
  9837 | D:9      | Found a staircase to the Lair.
 10067 | D:10     | Entered Level 10 of the Dungeon
 10101 | D:10     | Noticed a cyclops
 10111 | D:10     | Killed a cyclops
 10147 | D:10     | Noticed a deep elf mage
 10151 | D:10     | Killed a deep elf mage
 10270 | D:10     | Noticed an unseen horror
 10276 | D:10     | Killed an unseen horror
 10284 | D:10     | Noticed Josephine
 10308 | D:10     | Killed Josephine
 10308 | D:10     | Reached skill level 13 in Maces & Flails
 10308 | D:10     | Reached skill level 10 in Shields
 10312 | D:10     | Reached skill level 5 in Invocations
 10377 | D:10     | Reached *** piety under the Shining One
 10378 | D:10     | Reached XP level 12. HP: 106/106 MP: 14/14
 10388 | D:10     | Reached skill level 10 in Fighting
 10562 | D:10     | Reached skill level 10 in Armour
 10657 | D:10     | Noticed an ogre mage
 10657 | D:10     | Noticed a two-headed ogre
 10659 | D:10     | Noticed a two-headed ogre
 10665 | D:10     | Noticed a two-headed ogre
 10674 | D:10     | Killed an ogre mage
 10678 | D:10     | Killed a two-headed ogre
 10682 | D:10     | Killed a two-headed ogre
 10685 | D:10     | Killed a two-headed ogre
 10966 | D:11     | Noticed a centaur warrior
 10991 | D:11     | Killed a centaur warrior
 11059 | D:11     | Reached skill level 14 in Maces & Flails
 11220 | D:11     | Noticed a centaur warrior
 11228 | D:11     | Killed a centaur warrior
 11385 | D:11     | Noticed a catoblepas
 11398 | D:11     | Killed a catoblepas
 11557 | D:11     | Reached **** piety under the Shining One
 11560 | D:11     | Noticed a centaur warrior
 11569 | D:11     | Killed a centaur warrior
 11569 | D:11     | Reached XP level 13. HP: 100/115 MP: 3/16
 11772 | D:11     | Found a gate to the Vaults.
 11951 | D:11     | Noticed Psyche
 11960 | D:11     | Killed Psyche
 12347 | D:12     | Entered Level 12 of the Dungeon
 12411 | D:12     | Reached skill level 15 in Maces & Flails
 12704 | D:12     | Reached skill level 10 in Dodging
 13233 | D:12     | Noticed a fire dragon
 13243 | D:12     | Killed a fire dragon
 13253 | D:12     | Found a staircase to the Depths.
 13783 | Lair:1   | Entered Level 1 of the Lair of Beasts
 13979 | Lair:1   | Noticed Erica
 13986 | Lair:1   | Killed Erica
 14250 | Lair:2   | Reached ***** piety under the Shining One
 14998 | Lair:3   | Reached XP level 14. HP: 114/125 MP: 15/18
 15006 | Lair:3   | Found a staircase to the Swamp.
 15515 | Lair:3   | Got a polished mace
 16044 | Lair:4   | Found a runed translucent door.
 16044 | Lair:4   | Found a shimmering altar of Xom.
 16044 | Lair:4   | Noticed petermcneter's ghost (journeyman DDFi)
 16054 | Lair:4   | Reached skill level 16 in Maces & Flails
 16074 | Lair:4   | Killed petermcneter's ghost
 16158 | Lair:4   | Found a hole to the Spider Nest.
 16507 | Lair:5   | Found a dark tunnel.
 16519 | Volcano  | Entered a volcano
 16663 | Volcano  | Reached skill level 1 in Evocations
 17566 | Lair:6   | Entered Level 6 of the Lair of Beasts
 17790 | Lair:6   | Reached XP level 15. HP: 123/134 MP: 20/20
 18244 | Lair:6   | Found a staircase to the Slime Pits.
 18244 | Lair:6   | Found a viscous altar of Jiyva.
 18612 | Lair:6   | Reached ****** piety under the Shining One
 19139 | Lair:6   | Identified the +9 mace "Upigus" {crush, *Noise rPois
                  | Stlth+} (You found it on level 3 of the Lair of Beasts)
 19153 | Lair:6   | Identified a scroll of acquirement
 19164 | Lair:6   | Got a warped tin ring
 19166 | Lair:6   | Identified the ring of Equilibrium {+Inv rC+ MP+9 Int+6}
                  | (You acquired it on level 6 of the Lair of Beasts)
 19396 | Orc      | Entered the Orcish Mines
 19396 | Orc      | Found a staircase to the Elven Halls.
 19979 | Orc      | Found Tonum's General Store.
 19979 | Orc      | Found Fetored's Jewellery Emporium.
 19981 | Orc      | Found Xoucveot's Magic Scroll Shoppe.
 19983 | Orc      | Found Von Iliu's Antique Armour Boutique.
 20081 | Elf:1    | Entered Level 1 of the Elven Halls
 20560 | Spider:1 | Entered Level 1 of the Spider Nest
 20612 | Spider:1 | HP: 3/136 [demonic crawler (4)]
 20616 | Spider:1 | Slain by a demonic crawler

Skill      XL: |  1  2  3  4  5  6  7  8  9 10 11 12 13 14 15 |
---------------+----------------------------------------------+-----
Maces & Flails | 3 4 5 7 8 10 11 13 14 15 16 | 16.8
Armour         | 4 5 6 7 8 9 10 11 12 13 | 13.3
Shields        | 4 5 6 7 9 10 11 12 13 | 13.4
Dodging        | 1 2 3 5 6 7 8 9 10 11 | 11.9
Fighting       | 4 5 6 7 8 9 10 11 12 13 | 13.3
Invocations    | 3 5 6 7 8 9 |  9.6
Evocations     | 2 4 |  4.4

Action                   |  1- 3 |  4- 6 |  7- 9 | 10-12 | 13-15 || total
-------------------------+-------+-------+-------+-------+-------++-------
Melee: Flail             |   114 |   113 |   240 |   540 |   111 ||  1118
       Headbutt          |    12 |    21 |    50 |   109 |   260 ||   452
       Dire flail        |       |       |       |       |   659 ||   659
       Mace              |       |       |       |       |   166 ||   166
Invok: Divine Shield     |       |       |       |     1 |     3 ||     4
       Summon Divine War |       |       |       |       |     2 ||     2
  Use: Scroll            |     6 |     1 |     9 |     2 |    18 ||    36
       Potion            |       |     4 |     8 |       |     4 ||    16
  Eat: Chunk             |     3 |     2 |     9 |     8 |    18 ||    40
       Ration            |       |     1 |     2 |     1 |     4 ||     8
Armor: Scale mail        |    37 |    43 |    72 |     6 |       ||   158
       Chain mail        |       |       |       |   150 |    64 ||   214
       Ice dragon scales |       |       |       |       |   194 ||   194
Dodge: Dodged            |    28 |    33 |    82 |   128 |   519 ||   790
Block: Shield            |    40 |    62 |   184 |   359 |    82 ||   727
       Other             |       |       |       |       |    97 ||    97
       Large shield      |       |       |       |       |   375 ||   375
       Reflection        |       |       |       |       |    81 ||    81
